 Dungeon Crawl Stone Soup version 0.19.5 (webtiles) character file.

120 Nubser the Ruffian (level 5, -2/46 HPs)
             Began as a Ghoul Monk on Mar 12, 2017.
             Slain by a hobgoblin (3 damage)
             ... led by Robin
             ... on level 1 of the Dungeon.
             The game lasted 00:10:12 (1317 turns).

Nubser the Ruffian (Ghoul Monk)                     Turns: 1317, Time: 00:10:12

Health: -2/46      AC:  2    Str: 15    XL:     5   Next: 4%
Magic:  13/13      EV: 13    Int:  5    God:
Gold:   189        SH:  0    Dex: 12    Spells: 0 memorised, 4 levels left

rFire  . . .     SeeInvis +       - Unarmed
rCold  + . .     Gourm    .     a - +0 robe
rNeg   + + +     Faith    .     (no shield)
rPois  ∞         Spirit   .     (no helmet)
rElec  .         Reflect  .     (no cloak)
rCorr  .         Harm     .     (no gloves)
MR     .....                    (no boots)
Stlth  ++........               j - amulet of rage
                                o - ring of see invisible
                                p - ring of magical power

@: rotting
A: rotting body, claws 1, carnivore 3, cold resistance 1, negative energy
resistance 3, slow regeneration 1, torment resistance, unbreathing
a: no special abilities


You were on level 1 of the Dungeon.
You were not hungry.

You visited 1 branch of the dungeon, and saw 2 of its levels.

You collected 189 gold pieces.

Inventory:

Armour
 a - a +0 robe (worn)
 k - a +0 robe
 m - a +0 robe
Jewellery
 c - an uncursed ring of resist corrosion
 j - an amulet of rage (around neck)
 o - a ring of see invisible (right claw)
 p - a ring of magical power (left claw)
Scrolls
 e - 2 scrolls of fear {unknown}
 g - 2 scrolls of noise {unknown}
 h - a scroll of recharging {unknown}
 i - a scroll of immolation {unknown}
 l - 2 scrolls of identify {unknown}
 q - a scroll of amnesia {unknown}
 v - a scroll of enchant armour {unknown}
Potions
 d - a potion of degeneration {unknown}
 n - 2 potions of resistance {unknown}
 r - a potion of lignification {unknown}
 s - a potion of heal wounds {unknown}
 t - a potion of haste {unknown}
Comestibles
 b - 2 meat rations
 f - a slice of pizza


   Skills:
 + Level 3.7 Fighting
 + Level 3.3 Dodging
 + Level 2.8 Stealth
 + Level 5.0 Unarmed Combat


You had 4 spell levels left.
You didn't know any spells.

Dungeon Overview and Level Annotations

Branches:
Dungeon (2/15)

Altars:

Annotations:
D:2 Robin


Innate Abilities, Weirdness & Mutations

Your body is rotting away.
You thrive on raw meat.
You are immune to poison.
You have sharp fingernails.
You are carnivorous and can eat meat at any time.
Your flesh is cold resistant. (rC+)
You are immune to negative energy. (rN+++)
You regenerate slowly when monsters are visible.
You are immune to unholy pain and torment.
You can survive without breathing.


Message History

* * * LOW HITPOINT WARNING * * *
The kobold misses you.
The hobgoblin no longer looks unusually strong.
The hobgoblin hits you.
* * * LOW HITPOINT WARNING * * *
You see here a club.
You see here a stone.
There is a stone staircase leading down here.
A goblin comes into view.
The goblin shouts!
The goblin wields a hunting sling.
The goblin shoots a stone.
The stone barely misses you.
You see here a stone.
The goblin shoots a stone.
The stone hits you.
* * * LOW HITPOINT WARNING * * *
You see here a stone.
The goblin shoots a stone.
The stone barely misses you.
You see here a stone.
You closely miss the hobgoblin. The hobgoblin hits you.
You die...

##### ############ ##...##
##.....#.....# ##.....##
##.............
#.......#####g.............
#.......gg@................
#......(#####..............
##.....####................
##.....#....#............##
#.......................##
#####.............#.....#..##
###.................####.#...#
#....#.............%####...###
#..........>................#.


You could see a hobgoblin and 2 goblins.

Vanquished Creatures
  Jessica (D:2)
  An adder (D:2)
  An ooze (D:2)
  A worm (D:2)
  A dart slug (D:1)
  2 leopard geckos (D:2)
  2 ball pythons (D:1)
  3 giant cockroaches (D:1)
  19 goblins
  10 hobgoblins
  6 jackals (D:2)
  4 bats
  2 frilled lizards (D:2)
  6 kobolds
  3 rats
62 creatures vanquished.

Notes
Turn   | Place    | Note
-------+----------+-------------------------------------------
     0 | D:1      | Nubser the Ghoul Monk began the quest for the Orb.
     0 | D:1      | Reached XP level 1. HP: 19/19 MP: 0/0
   102 | D:1      | Reached XP level 2. HP: 26/26 MP: 1/1
   386 | D:1      | Reached XP level 3. HP: 31/31 MP: 2/2
   530 | D:1      | Reached skill level 4 in Unarmed Combat
   965 | D:2      | Reached XP level 4. HP: 40/40 MP: 3/3
  1214 | D:2      | Noticed Jessica
  1214 | D:2      | Noticed Robin
  1244 | D:2      | Killed Jessica
  1244 | D:2      | Reached skill level 5 in Unarmed Combat
  1244 | D:2      | Reached XP level 5. HP: 31/46 MP: 4/4
  1268 | D:1      | HP: 2/46 [hobgoblin[Robin] (3)]
  1285 | D:1      | HP: 2/46 [hobgoblin[Robin] (1)]
  1315 | D:1      | HP: 1/46 [goblin/stone (3)]
  1317 | D:1      | Slain by a hobgoblin

Skill      XL: |  1  2  3  4 |
---------------+-------------+-----
Dodging        | 3 |  3.3
Unarmed Combat | 4 5 |  5.0
Fighting       | |  3.7
Stealth        | |  2.8

Action                   |  1- 3 |  4- 6 || total
-------------------------+-------+-------++-------
Melee: Unarmed           |    99 |    52 ||   151
 Stab: Sleeping          |     2 |     1 ||     3
  Eat: Chunk             |    16 |    14 ||    30
Armor: Robe              |    22 |    11 ||    33
Dodge: Dodged            |    56 |    24 ||    80
